 Dungeon Crawl Stone Soup version 0.29.0-11-gd7f09526c8 (webtiles) character file.

Game seed: 6257036359824278046

46 Ordine the Trooper (level 3, -1/24 HPs)
             Began as a Gargoyle Fighter on Sept 6, 2022.
             Slain by a kobold
             ... wielding a +0 short sword
              (2 damage)
             ... on level 1 of the Dungeon.
             The game lasted 00:01:31 (633 turns).

Ordine the Trooper (Gargoyle Fighter)                Turns: 633, Time: 00:01:32

Health: -1/24      AC: 10    Str: 21    XL:     3   Next: 66%
Magic:  3/3        EV:  9    Int:  8    God:
Gold:   80         SH:  4    Dex:  9    Spells: 2/2 levels left

rFire   . . .      SeeInvis .   a - +0 flail
rCold   . . .      Faith    .   c - +0 buckler
rNeg    + . .      Spirit   .   b - +0 scale mail
rPois   ∞          Reflect  .   m - +0 hat
rElec   +          Harm     .   (no cloak)
rCorr   .          Rampage  .   (no gloves)
Will    .....                   (no boots)
Stlth   ..........              (no amulet)
HPRegen 0.08/turn               (no ring)
MPRegen 0.08/turn               (no ring)

@: brilliant
A: sickness immunity, AC +3, negative energy resistance 1, electricity
resistance, torment resistance 1, petrification resistance
a: no special abilities


You were on level 1 of the Dungeon.
You visited 1 branch of the dungeon, and saw 2 of its levels.

You collected 80 gold pieces.

Inventory:

Hand Weapons
 a - a +0 flail (weapon)
Missiles
 i - 6 javelins (quivered)
Armour
 b - a +0 scale mail (worn)
 c - a +0 buckler (worn)
 m - a +0 hat (worn)
Jewellery
 j - an amulet of faith
Scrolls
 e - 4 scrolls of identify {unknown}
 g - a scroll of blinking {unknown}
 h - a scroll of poison {unknown}
 l - a scroll of amnesia {unknown}
 n - a scroll of enchant weapon {unknown}
 o - a scroll of vulnerability {unknown}
Potions
 d - a potion of might
 k - a potion of lignification {unknown}
 p - a potion of mutation {unknown}


   Skills:
 + Level 3.8 Fighting
 * Level 3.1 Maces & Flails
 - Level 3.2 Armour
 + Level 3.7 Shields


You had 2 spell levels left.
You didn't know any spells.
Your spell library contained the following spells:

 Spells                   Type           Power      Damage    Failure   Level
 Inner Flame              Hex/Fire       0%         N/A       99%         3
 Cause Fear               Hex            0%         N/A       100%        4
 Discord                  Hex            0%         N/A       100%        8


Dungeon Overview and Level Annotations

Branches:
Dungeon (2/15)

Altars:


Innate Abilities, Weirdness & Mutations

You are immune to sickness and miasma.
Your stone body is resilient. (AC +3)
You are immune to poison.
You resist negative energy. (rN+)
You are resistant to electric shocks. (rElec)
You are resistant to unholy torment.
You are immune to petrification.


Message History

You hit the ball python but do no damage.
The ball python is moderately wounded.
The endoplasm hits you. You block the ball python's attack.
The ball python constricts you. The endoplasm barely misses you.
You block the ball python's attack. The ball python constricts you.
You sock the ball python!
You kill the ball python!
The endoplasm barely misses you.
You hit the endoplasm.
The endoplasm is severely wounded.
The endoplasm closely misses you. The goblin hits you but does no damage.
You barely miss the goblin. You block the endoplasm's attack.
The goblin hits you but does no damage. The endoplasm closely misses you.
The goblin closely misses you.
You sock the goblin!
You kill the goblin!
You block the endoplasm's attack.
You hit the kobold but do no damage. You block the kobold's attack.
The endoplasm hits you.
You hit the kobold but do no damage. The kobold completely misses you.
The endoplasm hits you but does no damage.
The endoplasm freezes you.
You are frozen.
* * * LOW HITPOINT WARNING * * *
The kobold hits you but does no damage.
You closely miss the kobold. The endoplasm freezes you.
You are frozen.
* * * LOW HITPOINT WARNING * * *
The kobold closely misses you.
You closely miss the kobold. The kobold closely misses you.
The endoplasm freezes you.
You are frozen.
* * * LOW HITPOINT WARNING * * *
Unknown command.
It was a potion of brilliance.
You feel clever all of a sudden.
The endoplasm hits you but does no damage.
The kobold hits you with a +0 short sword.
You die...

.##................
..........†.......
#.##...##..#
###..........####
........#>S........
........#######.###
........##...## #
###..##JK...... #..
#@........# ...
#.........#######
###
#.........+.....##
#.........##......
#..[......##......
#.........##......
#.........##......
#.................
#................#


You could see an endoplasm and a kobold.

Vanquished Creatures
  2 adders (D:2)
  2 dart slugs
  3 endoplasms (D:1)
  A giant cockroach (D:1)
  2 goblins
  3 hobgoblins (D:1)
  A quokka (D:2)
  3 ball pythons
  3 bats
  A frilled lizard (D:1)
  3 kobolds
24 creatures vanquished.

Notes
Turn   | Place    | Note
-------+----------+-------------------------------------------
     0 | D:1      | Ordine the Gargoyle Fighter began the quest for the Orb.
     0 | D:1      | Reached XP level 1. HP: 14/14 MP: 1/1
   168 | D:1      | Reached XP level 2. HP: 8/19 MP: 2/2
   424 | D:1      | You fall into a shaft and drop 1 floor!
   445 | D:2      | Reached XP level 3. HP: 21/23 MP: 3/3
   632 | D:1      | HP: 1/24 [frozen (4)]
   633 | D:1      | Slain by a kobold

Illustrated notes

Levels and vault maps discovered:
D:1:      heliophobic_arrival_dark_side_of_the_moon, layout_basic,
          minmay_tetromino_l2
D:2:      layout_basic, minmay_misc_feat_plants

Skill      XL: |  1  2  3 |
---------------+----------+-----
Maces & Flails | 3 |  3.1
Fighting       | |  3.8
Armour         | |  3.2
Shields        | |  3.7

Action                   || total
-------------------------++-------
Melee: Flail             ||    77
  Use: Potion            ||     1
Armor: Scale mail        ||    60
Dodge: Dodged            ||    32
Block: Buckler           ||    20
